 Dungeon Crawl Stone Soup version 0.25-a0-731-g0472a16d6a (webtiles) character file.

Game seed: 12874549834947801102, levelgen mode: deterministic

7615 FessEmpty the Magician (level 11, -4/81 HPs)
             Began as a Gnoll Earth Elementalist on Apr 8, 2020.
             Was a Believer of Dithmenos.
             Hit by a javelin thrown by a minotaur (38 damage)
             ... while paralysed
             ... in a Gauntlet.
             The game lasted 01:07:11 (7153 turns).

FessEmpty the Magician (Gnoll Earth Elementalist)   Turns: 7153, Time: 01:07:12

Health: -4/81      AC: 14    Str: 11    XL:     11   Next: 18%
Magic:  9/22       EV:  2    Int: 20    God:    Dithmenos [**....]
Gold:   396        SH:  0    Dex: 20    Spells: 0/25 levels left

rFire    + . .     SeeInvis .   Q - +2 scimitar
rCold    . . .     Gourm    .   H - +0 buckler
rNeg     + . .     Faith    +   M - +2 robe {rF+}
rPois    .         Spirit   .   (no helmet)
rElec    .         Reflect  .   R - +1 cloak {MR+}
rCorr    .         Harm     .   D - +0 pair of gloves
MR       +....     NoTele   +   O - +0 pair of boots
Stlth    +++++.....             v - amulet of faith
HPRegen  0.23/turn              y - ring of positive energy
MPRegen  0.18/turn              E - +5 ring of protection

@: paralysed, berserk cooldown, slowed, wreathed by umbra
A: distributed training, fangs 1, repulsion field 1, agile 1, clever 1,
MP-powered wands, strong nose
a: Shadow Step, Renounce Religion


You were in a Gauntlet.
You worshipped Dithmenos.
Dithmenos was pleased with you.
You were not hungry.

You visited 2 branches of the dungeon, and saw 12 of its levels.
You also visited: Ossuary and Gauntlet.

You collected 432 gold pieces.
You spent 36 gold pieces at shops.

Inventory:

Hand Weapons
 u - the +3 hand axe of Moral Flaws {antimagic, MP+9 Int+4}
   (You found it on level 9 of the Dungeon)

   It reduces the magical energy of the wielder, and disrupts the spells and
   magical abilities of those hit.
   Natural abilities and divine invocations are not affected.
   It affects your intelligence (+4).
   It affects your magic capacity (+9).
 J - a +3 vorpal scimitar
 Q - a +2 scimitar (weapon)
Missiles
 b - 100 stones (quivered)
 f - 23 poisoned darts
 l - 4 curare-tipped darts
Armour
 e - a +0 kite shield
 g - the -4 hat of the Bard {rN+}
   (You found it in a Gauntlet)

   It protects you from negative energy.
 h - a +0 troll leather armour
 D - a +0 pair of gloves (worn)
 G - a scarf of cloud immunity
 H - a +0 buckler (worn)
 M - a +2 robe of fire resistance (worn)
 O - a +0 pair of boots (worn)
 P - the +3 chain mail of Tefayh {+Blink Str-2 Dex+4, unknown}
   (You found it in a Gauntlet)

   It affects your strength (-2).
   It affects your dexterity (+4).
   It lets you blink.
 R - a +1 cloak of magic resistance (worn)
Jewellery
 v - an amulet of faith (around neck)
 y - a ring of positive energy (left hand)
 E - a +5 ring of protection (right hand)
 F - an uncursed amulet of regeneration
Wands
 A - a wand of flame (14)
Scrolls
 a - a scroll of fear
 c - 3 scrolls of enchant armour
 i - 5 scrolls of remove curse
 j - 3 scrolls of magic mapping
 m - 4 scrolls of teleportation
 n - 3 scrolls of fog
 w - 3 scrolls of enchant weapon
 I - a scroll of acquirement {unknown}
 L - a scroll of silence {unknown}
 N - a scroll of amnesia {unknown}
Potions
 o - 2 potions of mutation
 p - 9 potions of curing
 q - a potion of haste {unknown}
 r - a potion of lignification
 s - a potion of heal wounds
 t - a potion of brilliance
 x - a potion of magic {unknown}
 z - 2 potions of flight
 B - a potion of might {unknown}
 K - a potion of cancellation
Comestibles
 d - 22 rations


   Skills:
 + Level 5.9 Fighting
 + Level 5.9 Short Blades
 + Level 5.9 Long Blades
 + Level 5.9 Axes
 + Level 5.9 Maces & Flails
 + Level 5.9 Polearms
 + Level 5.9 Staves
 + Level 5.9 Slings
 + Level 5.9 Bows
 + Level 5.9 Crossbows
 + Level 5.9 Throwing
 + Level 5.9 Armour
 + Level 7.6 Dodging
 + Level 7.3 Stealth
 + Level 5.9 Shields
 + Level 5.9 Unarmed Combat
 + Level 7.8 Spellcasting
 + Level 4.9 Conjurations
 + Level 4.9 Hexes
 + Level 4.9 Charms
 + Level 4.9 Summonings
 + Level 4.9 Necromancy
 + Level 4.9 Translocations
 + Level 5.4 Transmutations
 + Level 4.9 Fire Magic
 + Level 4.9 Ice Magic
 + Level 4.9 Air Magic
 + Level 7.4 Earth Magic
 + Level 4.9 Poison Magic
 + Level 6.5 Invocations
 + Level 5.9 Evocations


You couldn't memorise any spells.
You knew the following spells:

 Your Spells              Type           Power        Failure   Level  Hunger
a - Sandblast             Erth           #####.       1%          1    None
b - Stone Arrow           Conj/Erth      ####..       1%          3    None
c - Call Imp              Summ           ####....     1%          2    None
d - Petrify               Tmut/Erth      ####....     6%          4    ###....
e - Summon Lightning Spi  Summ/Air       ####....     12%         4    ###....
f - Lee's Rapid Deconstr  Erth           #####.....   11%         5    #####..
g - Summon Ice Beast      Ice/Summ       ####....     12%         4    ###....
h - Passwall              Tmut/Erth      ####....     1%          2    None

Your spell library contained the following spells:

 Spells                   Type           Power        Failure   Level  Hunger
 Summon Small Mammal      Summ           ####         1%          1    None
 Call Canine Familiar     Summ           ####....     3%          3    None
 Summon Guardian Golem    Hex/Summ       ####....     3%          3    None


Dungeon Overview and Level Annotations

Branches:
Dungeon (11/15)            Temple (1/1) D:7            Lair (0/6) D:10
Ossuary (visited)         Gauntlet (1/1)
    Orc: D:9-12

Altars:
Dithmenos
Elyvilon
Fedhas
Hepliaklqana
Makhleb
Nemelex Xobeh
Okawaru
Qazlal
Ru
Sif Muna
Trog
Vehumet
Wu Jian
Yredelemnul
Zin
The Shining One

Shops:
D:5 (:*:

Annotations:
Gauntlet 10 transporters, exclusion: orange crystal statue


Innate Abilities, Weirdness & Mutations

Your experience applies equally to all skills.
You have very sharp teeth.
Your uncanny sense of smell can sniff out nearby items.
You are surrounded by a mild repulsion field. (EV +2)
You are agile. (Dex +2)
Your mind is acute. (Int +2)
You expend magic power (3 MP) to strengthen your wands.


Message History

You eat one of the 23 rations.
That ration really hit the spot!
You start resting.
The neqoxec shouts!
Magic restored.
You start resting.
The neqoxec shouts!
HP restored.
Search for what [Enter for "gauntlet", or ? for help]?
What are your orders? t - Bark!
Orders for allies: a - Attack new target. r - Retreat! s - Stop attacking. g - Guard the area. f - Follow me.
Anything else - Cancel.
You bark for attention!
What are your orders? t - Bark!
Orders for allies: a - Attack new target. r - Retreat! s - Stop attacking. g - Guard the area. f - Follow me.
Anything else - Cancel.
You bark for attention!
What are your orders? t - Bark!
Orders for allies: a - Attack new target. r - Retreat! s - Stop attacking. g - Guard the area. f - Follow me.
Anything else - Cancel.
You bark for attention!
What are your orders? t - Bark!
Orders for allies: a - Attack new target. r - Retreat! s - Stop attacking. g - Guard the area. f - Follow me.
Anything else - Cancel.
You bark for attention!
Okay, then.
It was a potion of heal wounds.
You feel much better.
It was a potion of brilliance.
You feel clever all of a sudden.
It was a potion of flight.
You feel very buoyant.
You fly up into the air.
Okay, then.
It was a potion of cancellation.
Your magical effects are unravelling.
You feel magically purged.
You float gracefully downwards.
You feel a little less clever now.
It was a potion of berserk rage.
A red film seems to cover your vision as you go berserk!
You feel yourself moving faster!
You feel mighty!
You are too berserk!
You are too berserk!
You start waiting.
You feel a strong urge to attack something.
You start waiting.
You feel your anger nearly subside.
You are no longer berserk.
You are exhausted.
You feel yourself slow down.
It was a potion of lignification.
You turn into a tree.
Your +1 cloak of magic resistance melds into your body.
Your +0 pair of gloves melds into your body.
Your +0 pair of boots melds into your body.
Your +2 robe of fire resistance melds into your body.
You feel less resistant to hostile enchantments.
You feel less resistant to fire.
Your roots penetrate the ground.
You start waiting.
Your transformation is almost over.
You start waiting.
You feel yourself speed up.
You start waiting.
You feel less wooden.
Your +1 cloak of magic resistance unmelds from your body.
Your +0 pair of gloves unmelds from your body.
Your +0 pair of boots unmelds from your body.
Your +2 robe of fire resistance unmelds from your body.
You feel resistant to hostile enchantments.
You feel resistant to fire.
Throwing (i - inventory. (/) - cycle)
b - 100 stones (quivered)
Press: ? - help, Shift-Dir - straight line, f - neqoxec
Aim: a neqoxec (fire blocked by a translucent stone wall)
Okay, then.
Search for what [Enter for "gauntlet", or ? for help]?
There is a transporter here.
You enter the transporter and appear at another place.
The neqoxec gestures at you.
Strange energies course through your body.
You feel a little pissed off.
You recover from your berserk rage.
The neqoxec gestures.
The flying skull gives a hideous shriek!
The neqoxec gestures at you.
Strange energies course through your body.
You feel the urge to shout.
The thrashing horror roars!
You see here a scale mail.
You see here a scorched hat.
g - a scorched hat
There is a transporter here.
You enter the transporter and appear at another place.
Really quaff the potion of mutation?
You feel extremely strange.
Your urge to shout disappears.
You feel a little more calm.
You feel clever.
You begin to radiate repulsive energy.
You feel agile.
You feel your magical essence link to the dungeon's wands.
Okay, then.
You start putting on your armour.
You continue putting on your scorched hat. x4
You finish putting on the -4 hat of the Bard {rN+}.
Take off which item? (? for menu, Esc to quit)
You start removing your armour.
You continue taking off the -4 hat of the Bard {rN+}. x4
You finish taking off the -4 hat of the Bard {rN+}.
Okay, then.
Unknown command.
Unknown command.
You open the door.
A minotaur comes into view.
Found a blackened beryl amulet.
Found a gate leading back out of this place.
Throwing (i - inventory. (/) - cycle)
b - 100 stones (quivered)
Press: ? - help, Shift-Dir - straight line, f - minotaur
Aim: a minotaur, wearing a +0 plate armour, wearing an uncursed ring of see invisible and quivering 12 javelins (hasn't noticed you)
Okay, then.
Unknown command.
Casting: Petrify (safe; 6% risk of failure)
Confirm with . or Enter, or press ? or * to list all spells.
A chill wind blows around you.
You swap places.
The minotaur throws a javelin.
The javelin pierces through your ice beast.
The javelin misses you.
Casting: Summon Ice Beast (safe; 12% risk of failure)
Confirm with . or Enter, or press ? or * to list all spells.
Aiming: Summon Lightning Spire (safe; 12% risk of failure)
Press: ? - help, Dir - move target cursor An electric hum fills the air.
The minotaur throws a javelin.
The javelin closely misses your ice beast.
The javelin pierces through you but does no damage.
What are your orders? t - Bark!
Orders for allies: a - Attack new target. r - Retreat! s - Stop attacking. g - Guard the area. f - Follow me.
Anything else - Cancel.
Gang up on whom?
Press: ? - help, Dir - move target cursor, f - minotaur
Aim: a minotaur, wearing a +0 plate armour, wearing an uncursed ring of see invisible and quivering 10 javelins Attack!
Casting: Summon Lightning Spire (safe; 12% risk of failure)
Confirm with . or Enter, or press ? or * to list all spells.
A chill wind blows around you. The minotaur hits your ice beast!!
Your ice beast dies!
Your lightning spire shoots out a bolt of lightning at the minotaur!
The bolt of electricity hits the minotaur.
Unknown command.
Unknown command.
Casting: Summon Ice Beast (safe; 12% risk of failure)
Confirm with . or Enter, or press ? or * to list all spells.
A chill wind blows around you.
The minotaur throws a javelin.
The javelin pierces through your ice beast.
The javelin pierces through you!!!
The javelin pierces through your ice beast.
What are your orders? t - Bark!
Orders for allies: a - Attack new target. p - Attack previous target. r - Retreat! s - Stop attacking. g - Guard the area. f - Follow me.
Anything else - Cancel.
Gang up on whom?
Press: ? - help, Dir - move target cursor, f/p - minotaur
Aim: a minotaur, wearing a +0 plate armour, wearing an uncursed ring of see invisible and quivering 9 javelins (lightly wounded) Attack!
The minotaur throws a javelin.
The javelin pierces through your ice beast.
The javelin misses you.
The javelin pierces through your ice beast!!
Your lightning spire shoots out a bolt of lightning at the minotaur!
The bolt of electricity hits the minotaur!
You feel much better.
The minotaur throws a javelin.
The javelin pierces through your ice beast!!
Your ice beast dies!
The javelin barely misses you.
Throwing (i - inventory. (/) - cycle)
b - 100 stones (quivered)
Press: ? - help, Shift-Dir - straight line, f/p - minotaur
Aim: a minotaur, wearing a +0 plate armour, wearing an uncursed ring of see invisible and quivering 7 javelins (lightly wounded)
Okay, then.
The minotaur throws a javelin.
The javelin pierces through your ice beast!
Your ice beast dies!
The javelin misses you.
You see here 3 javelins.
A red film seems to cover your vision as you go berserk!
You feel yourself moving faster!
You feel mighty!
You feel a strong urge to attack something.
You feel your anger nearly subside.
You are no longer berserk.
You pass out from exhaustion.
You feel yourself slow down.
The minotaur throws a javelin.
The javelin pierces through you!
The minotaur throws a javelin.
The javelin pierces through you!!
The minotaur throws a javelin.
The javelin pierces through you!!!
You die...

# .. ## #. .# ∩# .##.#
H##. # ... .#.. #. #.#
.#.# #.##.###'#.##.#
#(..H..........
###(##8##.##.##.#
###.##@##.##.##.#
#...H...........
##.##.##.##.##.#
###.##.##.##.##.###
#§...............≈#
#8.8.8.8.8.8.8.8.8#
#§...............≈#
#####.#########.#########
....#.#..≈∩§..#.#.......≈


You could see a minotaur and a friendly lightning spire.

Vanquished Creatures
  A hydra (D:10)
  A sixfirhy (Gauntlet)
  A troll (D:10)
  2 hippogriffs
  3 yaks (D:9)
  Eustachio (D:6)
  A basilisk (D:9)
  A steam dragon (D:10)
  A hungry ghost (D:8)
  A water moccasin (D:10)
  2 ice beasts
  2 porcupines (D:10)
  2 orc warriors
  3 sky beasts
  3 black bears
  3 phantoms
  4 centaurs
  An ogre (D:4)
  A wolf (D:10)
  A crocodile (D:10)
  4 bullfrogs
  3 scorpions
  4 killer bees (D:9)
  2 crimson imps
  4 jellies
  5 hounds
  A quasit (D:9)
  5 orc priests
  9 orc wizards
  2 iguanas
  9 worker ants
  2 mummies (Ossuary)
  A howler monkey zombie (D:9)
  7 gnolls (D:5)
  11 adders
  2 ufetubi (Gauntlet)
  5 oozes
  9 adder zombies
  5 worms
  2 dart slugs (D:1)
  3 leopard geckos
  13 orcs
  8 giant cockroaches
  8 goblins
  4 hobgoblins
  13 jackals
  5 quokkas
  9 bats
  2 frilled lizards
  6 gnoll zombies (Ossuary)
  2 hobgoblin zombies (Ossuary)
  2 jackal zombies
  7 kobolds
  2 kobold zombies (Ossuary)
  3 orc zombies (Ossuary)
  A quokka zombie (D:7)
  7 rats
222 creatures vanquished.

Vanquished Creatures (collateral kills)
  A gargoyle (D:10)
  The ghost of catzilla the Chopper, an amateur MiBe of Trog (D:4)
  A troll (D:10)
  2 yaks (D:9)
  2 porcupines (D:10)
  2 orc warriors
  An ogre (D:9)
  A centaur (D:5)
  2 wolves
  A crocodile (D:10)
  3 wights (D:11)
  A hound (D:9)
  2 orc wizards (D:9)
  A worker ant (D:10)
  A big kobold zombie (Ossuary)
  A gnoll (D:5)
  A shadow imp (D:10)
  2 adder zombies (Ossuary)
  4 orcs
  A jackal (D:10)
  A hobgoblin zombie (Ossuary)
  A kobold zombie (Ossuary)
33 creatures vanquished.

Vanquished Creatures (others)
  3 fungi (D:10)
  2 plants (D:10)
5 creatures vanquished.

Grand Total: 260 creatures vanquished

Notes
Turn   | Place    | Note
-------+----------+-------------------------------------------
     0 | D:1      | FessEmpty the Gnoll Earth Elementalist began the quest for
                  | the Orb.
     0 | D:1      | Reached XP level 1. HP: 13/13 MP: 6/6
    65 | D:3      | Noticed a centaur
    75 | D:2      | Reached XP level 2. HP: 20/20 MP: 4/7
    92 | D:2      | Found a sparkling altar of Nemelex Xobeh.
   213 | D:2      | Reached XP level 3. HP: 25/25 MP: 9/9
   220 | D:2      | Reached skill level 5 in Spellcasting
   264 | D:2      | Reached skill level 1 in Invocations
   370 | D:1      | Learned a level 3 spell: Stone Arrow
   386 | D:1      | Reached skill level 1 in Fighting
   386 | D:1      | Reached skill level 1 in Short Blades
   386 | D:1      | Reached skill level 1 in Long Blades
   386 | D:1      | Reached skill level 1 in Axes
   386 | D:1      | Reached skill level 1 in Maces & Flails
   386 | D:1      | Reached skill level 1 in Polearms
   386 | D:1      | Reached skill level 1 in Staves
   386 | D:1      | Reached skill level 1 in Slings
   386 | D:1      | Reached skill level 1 in Bows
   386 | D:1      | Reached skill level 1 in Crossbows
   386 | D:1      | Reached skill level 1 in Throwing
   386 | D:1      | Reached skill level 1 in Armour
   386 | D:1      | Reached skill level 1 in Shields
   386 | D:1      | Reached skill level 1 in Unarmed Combat
   386 | D:1      | Reached skill level 1 in Evocations
   400 | D:1      | Reached XP level 4. HP: 17/32 MP: 9/11
   835 | D:5      | Entered Level 5 of the Dungeon
   851 | D:5      | Reached skill level 1 in Conjurations
   851 | D:5      | Reached skill level 1 in Hexes
   851 | D:5      | Reached skill level 1 in Charms
   851 | D:5      | Reached skill level 1 in Summonings
   851 | D:5      | Reached skill level 1 in Necromancy
   851 | D:5      | Reached skill level 1 in Translocations
   851 | D:5      | Reached skill level 1 in Fire Magic
   851 | D:5      | Reached skill level 1 in Ice Magic
   851 | D:5      | Reached skill level 1 in Air Magic
   851 | D:5      | Reached skill level 1 in Poison Magic
   862 | D:5      | Reached XP level 5. HP: 37/37 MP: 0/12
   876 | D:5      | Learned a level 2 spell: Call Imp
   948 | D:5      | Found a sand-covered staircase.
   953 | Ossuary  | Entered an ossuary
  1298 | Ossuary  | Reached XP level 6. HP: 25/44 MP: 0/13
  1403 | D:5      | Found Xisomm's General Store.
  1414 | D:5      | Bought a potion of curing for 36 gold pieces
  1707 | D:4      | Reached skill level 5 in Dodging
  1995 | D:5      | Noticed a phantom
  2070 | D:4      | Reached XP level 7. HP: 50/50 MP: 12/15
  2089 | D:4      | Found a runed translucent door.
  2093 | D:4      | Noticed catzilla's ghost (amateur MiBe)
  2135 | D:4      | Killed catzilla's ghost
  2249 | D:5      | Found Sidghig's Book Shoppe.
  2265 | D:5      | Reached skill level 5 in Stealth
  2268 | D:5      | Found Neuhaso's Book Shop.
  2507 | D:6      | Reached XP level 8. HP: 42/57 MP: 6/16
  2530 | D:6      | Noticed Eustachio
  2542 | D:6      | Killed Eustachio
  2705 | D:8      | Noticed a slime creature
  2724 | D:10     | Entered Level 10 of the Dungeon
  2888 | D:10     | Noticed a gargoyle
  3001 | D:8      | Reached XP level 9. HP: 31/65 MP: 1/18
  3330 | D:9      | Learned a level 4 spell: Petrify
  3426 | D:9      | Got a faintly glowing hand axe
  3427 | D:9      | Identified the cursed +3 hand axe of Moral Flaws
                  | {antimagic, MP+9 Int+4} (You found it on level 9 of the
                  | Dungeon)
  3987 | D:7      | Reached skill level 5 in Invocations
  4126 | D:7      | Found a staircase to the Ecumenical Temple.
  4131 | Temple   | Entered the Ecumenical Temple
  4190 | Temple   | Became a worshipper of Dithmenos the Shadowed
  4523 | D:5      | Found Ufem's Antique Weapon Emporium.
  4846 | D:4      | Reached XP level 10. HP: 73/73 MP: 8/20
  4941 | D:3      | Found a basalt altar of Yredelemnul.
  5125 | D:5      | You fall into a shaft and drop 2 floors!
  5253 | D:8      | Learned a level 4 spell: Summon Lightning Spire
  5259 | D:8      | Learned a level 5 spell: Lee's Rapid Deconstruction
  5361 | D:9      | Reached skill level 5 in Fighting
  5361 | D:9      | Reached skill level 5 in Short Blades
  5361 | D:9      | Reached skill level 5 in Long Blades
  5361 | D:9      | Reached skill level 5 in Axes
  5361 | D:9      | Reached skill level 5 in Maces & Flails
  5361 | D:9      | Reached skill level 5 in Polearms
  5361 | D:9      | Reached skill level 5 in Staves
  5361 | D:9      | Reached skill level 5 in Slings
  5361 | D:9      | Reached skill level 5 in Bows
  5361 | D:9      | Reached skill level 5 in Crossbows
  5361 | D:9      | Reached skill level 5 in Throwing
  5361 | D:9      | Reached skill level 5 in Armour
  5361 | D:9      | Reached skill level 5 in Shields
  5361 | D:9      | Reached skill level 5 in Unarmed Combat
  5361 | D:9      | Reached skill level 5 in Evocations
  5421 | D:9      | Reached * piety under Dithmenos
  5835 | D:10     | Reached skill level 5 in Transmutations
  5964 | D:10     | Found a staircase to the Lair.
  6024 | D:10     | Reached ** piety under Dithmenos
  6146 | D:10     | Noticed a five-headed hydra
  6154 | D:10     | Killed a five-headed hydra
  6154 | D:10     | Reached XP level 11. HP: 81/81 MP: 2/22
  6349 | D:11     | Noticed a two-headed ogre
  6369 | D:11     | Found a gate leading to a gauntlet.
  6387 | Gauntlet | Entered a Gauntlet
  6387 | Gauntlet | Found a transporter.
  6387 | Gauntlet | Found a transporter.
  6394 | Gauntlet | Found a transporter.
  6394 | Gauntlet | Found a transporter.
  6404 | Gauntlet | Found a transporter.
  6413 | Gauntlet | Noticed a thrashing horror
  6417 | Gauntlet | Found a transporter.
  6417 | Gauntlet | Found a transporter.
  6418 | Gauntlet | Noticed a wretched star
  6421 | Gauntlet | Found a transporter.
  6423 | Gauntlet | Noticed a six-headed hydra
  6426 | Gauntlet | Noticed a thrashing horror
  6481 | Gauntlet | Found a transporter.
  6482 | Gauntlet | Noticed a death scarab
  6497 | Gauntlet | Noticed a spectral death yak
  6530 | Gauntlet | Noticed a sixfirhy
  6533 | Gauntlet | Found a transporter.
  6547 | Gauntlet | Found a transporter.
  6574 | Gauntlet | Found a transporter.
  6575 | Gauntlet | Noticed a hell beast
  6577 | Gauntlet | Found a transporter.
  6660 | Gauntlet | Found a transporter.
  6676 | Gauntlet | Found a transporter.
  6676 | Gauntlet | Noticed an orange crystal statue
  6687 | Gauntlet | Found a transporter.
  6746 | Gauntlet | Killed a sixfirhy
  6793 | Gauntlet | Got a steaming chain mail
  6811 | Gauntlet | Learned a level 4 spell: Summon Ice Beast
  6814 | Gauntlet | Learned a level 2 spell: Passwall
  7099 | Gauntlet | Gained mutation: You tend to lose your temper in combat. [a
                  | neqoxec]
  7101 | Gauntlet | Gained mutation: You occasionally shout uncontrollably at
                  | your foes. [a neqoxec]
  7105 | Gauntlet | Got a scorched hat
  7111 | Gauntlet | Lost mutation: You occasionally shout uncontrollably at
                  | your foes. [potion of mutation]
  7111 | Gauntlet | Lost mutation: You tend to lose your temper in combat.
                  | [potion of mutation]
  7111 | Gauntlet | Gained mutation: Your mind is acute. (Int +2) [potion of
                  | mutation]
  7111 | Gauntlet | Gained mutation: You are surrounded by a mild repulsion
                  | field. (EV +2) [potion of mutation]
  7111 | Gauntlet | Gained mutation: You are agile. (Dex +2) [potion of
                  | mutation]
  7111 | Gauntlet | Gained mutation: You expend magic power (3 MP) to
                  | strengthen your wands. [potion of mutation]
  7118 | Gauntlet | Identified the -4 hat of the Bard {rN+} (You found it in a
                  | Gauntlet)
  7132 | Gauntlet | Noticed a minotaur
  7153 | Gauntlet | Hit by a javelin thrown by a minotaur

Levels and vault maps discovered:
D:1:      minmay_arrival_four_houses, layout_rooms, serial_bayou_pond_b,
          minmay_pentomino_z4
D:2:      layout_basic, nemelex_xobeh_ov_fountains_minmay
D:3:      layout_rooms, yredelemnul_altar_generic, grunt_ministairs_2,
          eino_tiny_chamber
D:4:      layout_loops_ring, ebering_ghost_sewer_d, first_ration
D:5:      layout_basic, enter_ossuary_2, serial_shops, kennysheep_little_box,
          shop, nicolae_shop_trees, shop, feat_on_display
D:6:      minmay_flawed_box, layout_basic, minmay_misc_feat_four_crosses,
          uniq_eustachio
D:7:      layout_loops_corners, minmay_temple_entry_statues_pillars
D:8:      minmay_diamond_stairs, layout_basic, cheibrodos_ashenzari_chains
D:9:      layout_basic, nicolae_gozag_seed_capital
D:10:     layout_roguey, minmay_lair_entry_grove
D:11:     layout_layer_cave, serial_shops, nicolae_shop_behind_doors,
          shop_fountains, shop_statue, gauntlet_entry_generic
Temple:   regret_index_temple_mists
Gauntlet: gammafunk_gauntlet_branching [gammafunk_gauntlet_arena_teeth,
          nicolae_gauntlet_arena_grate_2, gammafunk_gauntlet_arena_spirals,
          nicolae_gauntlet_arena_quarters, nicolae_gauntlet_swirl,
          gammafunk_gauntlet_arena_crates, gammafunk_gauntlet_arena_chambers,
          nicolae_gauntlet_arena_blocks, gauntlet_exit_green]

Skill      XL: |  1  2  3  4  5  6  7  8  9 10 |
---------------+-------------------------------+-----
Transmutations | 2 3 4 5 |  5.4
Spellcasting   | 5 6 7 |  7.8
Invocations    | 1 2 3 4 5 6 |  6.5
Fighting       | 1 2 3 4 5 |  5.9
Short Blades   | 1 2 3 4 5 |  5.9
Long Blades    | 1 2 3 4 5 |  5.9
Axes           | 1 2 3 4 5 |  5.9
Maces & Flails | 1 2 3 4 5 |  5.9
Polearms       | 1 2 3 4 5 |  5.9
Staves         | 1 2 3 4 5 |  5.9
Slings         | 1 2 3 4 5 |  5.9
Bows           | 1 2 3 4 5 |  5.9
Crossbows      | 1 2 3 4 5 |  5.9
Throwing       | 1 2 3 4 5 |  5.9
Armour         | 1 2 3 4 5 |  5.9
Shields        | 1 2 3 4 5 |  5.9
Unarmed Combat | 1 2 3 4 5 |  5.9
Evocations     | 1 2 3 4 5 |  5.9
Conjurations   | 1 2 3 4 |  4.9
Hexes          | 1 2 3 4 |  4.9
Charms         | 1 2 3 4 |  4.9
Summonings     | 1 2 3 4 |  4.9
Necromancy     | 1 2 3 4 |  4.9
Translocations | 1 2 3 4 |  4.9
Fire Magic     | 1 2 3 4 |  4.9
Ice Magic      | 1 2 3 4 |  4.9
Air Magic      | 1 2 3 4 |  4.9
Poison Magic   | 1 2 3 4 |  4.9
Dodging        | 5 6 7 |  7.6
Stealth        | 5 6 7 |  7.3
Earth Magic    | 6 7 |  7.4

Action                   |  1- 3 |  4- 6 |  7- 9 | 10-12 || total
-------------------------+-------+-------+-------+-------++-------
Melee: Unarmed           |     3 |       |       |       ||     3
       Short sword       |    42 |    21 |       |       ||    63
       Bite              |     4 |    24 |    12 |    25 ||    65
       Whip              |       |   143 |    55 |       ||   198
       Punch             |       |     2 |       |       ||     2
       Hand axe          |       |       |    55 |   147 ||   202
       Scimitar          |       |       |       |     2 ||     2
 Cast: Sandblast         |    22 |    29 |   149 |    56 ||   256
       Stone Arrow       |       |    29 |    20 |     1 ||    50
       Call Imp          |       |     9 |     6 |       ||    15
       Summon Lightning  |       |       |       |    16 ||    16
       Lee's Rapid Decon |       |       |       |     3 ||     3
       Summon Ice Beast  |       |       |       |     6 ||     6
       Petrify           |       |       |       |     1 ||     1
  Use: Scroll            |       |     2 |    13 |     5 ||    20
       Potion            |       |       |       |    10 ||    10
 Stab: Sleeping          |     2 |     3 |     3 |     4 ||    12
       Distracted        |       |     2 |     1 |     4 ||     7
  Eat: Chunk             |       |     6 |     8 |     9 ||    23
       Ration            |       |       |       |     1 ||     1
Armor: Robe              |     2 |       |     4 |    42 ||    48
       Leather armour    |     7 |    31 |    44 |       ||    82
Dodge: Dodged            |    69 |   122 |   142 |   129 ||   462
Block: Buckler           |       |       |    45 |    43 ||    88
       Rpst.: Scimitar   |       |       |       |     2 ||     2

Table legend:
 A = Non-vault XP
 B = Vault XP
 C = Vault XP percentage of total XP
 D = Non-vault monster count
 E = Vault monster count
 F = Vault count percentage of total count
                 A         B        C        D         E       F
            +---------+---------+-------+---------+---------+-------
      Total |    7948 |    2931 |  26.9 |     191 |      62 |  24.5
            +---------+---------+-------+---------+---------+-------
        D:1 |      35 |      26 |  42.6 |      18 |      11 |  37.9
        D:2 |      66 |       0 |   0.0 |      20 |       0 |   0.0
        D:3 |      53 |       5 |   8.6 |      14 |       2 |  12.5
        D:4 |     323 |     305 |  48.6 |      11 |       2 |  15.4
        D:5 |     449 |       0 |   0.0 |      19 |       0 |   0.0
        D:6 |      41 |     372 |  90.1 |       3 |       5 |  62.5
        D:7 |    1061 |       0 |   0.0 |      23 |       0 |   0.0
        D:8 |    1243 |      46 |   3.6 |      19 |       1 |   5.0
        D:9 |    2237 |     298 |  11.8 |      37 |       2 |   5.1
       D:10 |    2347 |     982 |  29.5 |      24 |      10 |  29.4
       D:11 |      93 |       0 |   0.0 |       3 |       0 |   0.0
    Ossuary |       0 |     125 | 100.0 |       0 |      26 | 100.0
   Gauntlet |       0 |     772 | 100.0 |       0 |       3 | 100.0
            +---------+---------+-------+---------+---------+-------
